 Dungeon Crawl Stone Soup version 0.24.0-37-gcf1ca852f1 (webtiles) character file.

Game seed: 17470525446982255301, levelgen mode: deterministic

241 Kobolds4U the Sneak (level 5, -1/28 HPs)
             Began as a Deep Elf Conjurer on Dec 7, 2019.
             Was an Initiate of Dithmenos.
             Killed from afar by an orc wizard (9 damage)
             ... with a puff of flame
             ... on level 4 of the Dungeon.
             The game lasted 00:10:08 (3858 turns).

Kobolds4U the Sneak (Deep Elf Conjurer)             Turns: 3858, Time: 00:10:09

Health: -1/28      AC:  4    Str:  6    XL:     5   Next: 80%
Magic:  14/14      EV: 13    Int: 20    God:    Dithmenos [......]
Gold:   252        SH:  0    Dex: 15    Spells: 4/14 levels left

rFire    . . .     SeeInvis .   d - +0 dagger
rCold    . . .     Gourm    .   (no shield)
rNeg     . . .     Faith    .   a - +0 robe
rPois    .         Spirit   .   b - +0 helmet
rElec    .         Reflect  .   (no cloak)
rCorr    .         Harm     .   (no gloves)
MR       .....                  e - +0 pair of boots
Stlth    ++++......             (no amulet)
HPRegen  0.09/turn              p - ring of flight
MPRegen  0.14/turn              (no ring)

@: no status effects
A: no striking features
a: Renounce Religion, Evoke Flight


You were on level 4 of the Dungeon.
You worshipped Dithmenos.
Dithmenos was noncommittal.
You were not hungry.

You visited 2 branches of the dungeon, and saw 5 of its levels.

You collected 252 gold pieces.

Inventory:

Hand Weapons
 d - a +0 dagger (weapon)
 o - a +0 long sword of holy wrath
Armour
 a - a +0 robe (worn)
 b - a +0 helmet (worn)
 e - a +0 pair of boots (worn)
Jewellery
 p - a ring of flight (left hand)
Scrolls
 g - 5 scrolls of identify {unknown}
 h - a scroll of blinking {unknown}
 i - a scroll of immolation {unknown}
 k - 5 scrolls of amnesia {unknown}
 m - a scroll of teleportation {unknown}
Potions
 j - a potion of brilliance {unknown}
 l - 2 potions of haste {unknown}
 n - a potion of berserk rage
 r - a potion of might {unknown}
 s - 2 potions of curing {unknown}
Comestibles
 c - 5 rations
 f - 3 chunks of flesh


   Skills:
 - Level 2.4 Dodging
 + Level 7.0 Stealth
 - Level 5.0 Spellcasting
 - Level 4.3 Conjurations


You had 4 spell levels left.
You knew the following spells:

 Your Spells              Type           Power        Failure   Level  Hunger
a - Magic Dart            Conj           ###.         1%          1    None
b - Searing Ray           Conj           ###...       3%          2    None
c - Dazzling Spray        Conj/Hex       ##....       14%         3    ##.....
d - Force Lance           Conj/Tloc      ##......     43%         4    ####...

Your spell library contained the following spells:

 Spells                   Type           Power        Failure   Level  Hunger
 Iskenderun's Mystic Bla  Conj           ###.....     19%         4    ####...
 Fulminant Prism          Conj/Hex       ##........   43%         4    ####...


Dungeon Overview and Level Annotations

Branches:
Dungeon (4/15)             Temple (1/1) D:4

Altars:
Ashenzari
Cheibriados
Dithmenos
Elyvilon
Fedhas
Hepliaklqana
Kikubaaqudgha
Makhleb
Nemelex Xobeh
Okawaru
Qazlal
Ru
Sif Muna
Trog
Uskayaw
Vehumet
Wu Jian
Xom
Yredelemnul
Zin
The Shining One


Message History

The orc hits you but does no damage.
The orc wizard hits you with a +0 dagger.
The orc wizard hits you with a +0 dagger.
You closely miss the orc wizard.
The orc wizard hits you but does no damage.
You're too confused to move!
You feel less confused. The orc closely misses you.
The orc wizard closely misses you.
You barely miss the orc wizard. The orc closely misses you.
The orc wizard hits you with a +0 dagger.
The orc wizard shouts!
You hit the orc wizard but do no damage.
The orc misses you.
The orc wizard gestures at you while chanting.
The magic dart hits you.
* * * LOW HITPOINT WARNING * * *
The orc completely misses you.
The orc wizard points at you and mumbles some strange words.
The puff of flame hits you!
You die...

##.# ........###...### .#...#
#.........#.....##
.#'#.#####................##
:.o#.......................#
.###........o.............####
o#.......................##..###
##..##.# #.....................#
.......# #......@o<............#
......# ##......o...)........##
....?.## #........P.P.......##
...##..####.......##.##.....##
.......#.#.....#.P#...#P#..###
.............###....>......#.##
........#....####P#...#P......#
.......###........##.##..)....##
.......##..........P.P....##...#


You could see 2 orc wizards and an orc.

Vanquished Creatures
  An ogre (D:3)
  A worker ant (D:4)
  A hound skeleton (D:4)
  5 adders
  A worm (D:2)
  A dart slug (D:3)
  4 leopard geckos
  7 orcs
  6 bats
  7 giant cockroaches
  8 hobgoblins
  A quokka (D:4)
  2 frilled lizards
  6 goblins
  4 kobolds
  6 rats
61 creatures vanquished.

Notes
Turn   | Place    | Note
-------+----------+-------------------------------------------
     0 | D:1      | Kobolds4U the Deep Elf Conjurer began the quest for the
                  | Orb.
     0 | D:1      | Reached XP level 1. HP: 10/10 MP: 6/6
   323 | D:1      | Reached skill level 3 in Stealth
   338 | D:1      | Reached XP level 2. HP: 10/15 MP: 3/8
   342 | D:1      | Learned a level 2 spell: Searing Ray
   813 | D:1      | You fall into a shaft and drop 1 floor!
  1175 | D:2      | Reached XP level 3. HP: 19/19 MP: 7/10
  1575 | D:2      | Found a bloodstained altar of Trog.
  1576 | D:2      | Found a hide-covered altar of Uskayaw.
  1576 | D:2      | Found a glowing silver altar of Zin.
  1577 | D:2      | Reached skill level 4 in Stealth
  2163 | D:3      | Reached XP level 4. HP: 24/24 MP: 12/12
  2180 | D:3      | Learned a level 3 spell: Dazzling Spray
  2185 | D:3      | Learned a level 4 spell: Force Lance
  2328 | D:3      | Found a faded altar of an unknown god.
  2547 | D:3      | Reached skill level 5 in Spellcasting
  2906 | D:4      | Found a staircase to the Ecumenical Temple.
  2906 | D:4      | Noticed an ogre
  3068 | D:4      | Reached skill level 5 in Stealth
  3140 | Temple   | Entered the Ecumenical Temple
  3230 | Temple   | Became a worshipper of Dithmenos the Shadowed
  3310 | D:4      | Reached XP level 5. HP: 28/28 MP: 7/14
  3692 | D:3      | Killed an ogre
  3692 | D:3      | Reached skill level 6 in Stealth
  3794 | D:3      | Reached skill level 7 in Stealth
  3858 | D:4      | Killed from afar by an orc wizard

Levels and vault maps discovered:
D:1:      mrwooster_arrival_statue_2, layout_basic, minmay_tromino_v2
D:2:      layout_loops_ring, chequers_temple_overflow_statue_of_worship,
          minmay_goblin_kobold_house
D:3:      layout_basic, chequers_ecumenical_altar_twisty
D:4:      layout_cave_pools, minmay_temple_entry_gardened_gates, first_ration,
          minmay_a_box_with_orc_wizards_in_it
Temple:   hc_temple_tempest_star

Skill      XL: |  1  2  3  4  5 |
---------------+----------------+-----
Stealth        | 3 4 5 7 |  7.0
Spellcasting   | 4 5 |  5.0
Dodging        | |  2.4
Conjurations   | |  4.3

Action                   |  1- 3 |  4- 6 || total
-------------------------+-------+-------++-------
Melee: Dagger            |    46 |    15 ||    61
 Cast: Magic Dart        |    34 |    38 ||    72
       Searing Ray       |     6 |     5 ||    11
       Dazzling Spray    |       |     6 ||     6
  Use: Potion            |     3 |     1 ||     4
 Stab: Sleeping          |    13 |     5 ||    18
  Eat: Chunk             |     4 |     5 ||     9
Armor: Robe              |     8 |     7 ||    15
Dodge: Dodged            |    42 |    33 ||    75
